 Dungeon Crawl Stone Soup version 0.31-a0-931-g7b59d4eb97 (webtiles) character file.

Game seed: 8452588930296371176

566 Persephone the Changeling (level 7, -4/54 HPs)
             Began as a Troll Shapeshifter on Oct 19, 2023.
             Was a Follower of Ru.
             Slain by a killer bee (5 damage)
             ... on level 6 of the Dungeon.
             The game lasted 00:05:48 (3287 turns).

Persephone the Changeling (Troll Shapeshifter)      Turns: 3287, Time: 00:05:49

Health: -4/54      AC:  5    Str: 25    XL:     7   Next: 10%
Magic:  6/6        EV:  9    Int:  6    God:    Ru [*.....]
Gold:   215        SH:  0    Dex:  9    Spells: 6/6 levels left

rFire   + .          .
                       - Unarmed
rCold   . . .        (no shield)
rNeg    + . .        a - +1 animal skin
rPois   +            (helmet currently unavailable)
rElec   .            (cloak currently unavailable)
rCorr   .            (gloves unavailable)
SInv    .            (boots unavailable)
Will    .....        (no amulet)
Stlth   +            n - ring of poison resistance
HPRegen 1.09/turn    g - ring of positive energy
MPRegen 0.10/turn

%: no passive effects
@: lethally poisoned (-4 -> -5), beast-form
A: beast (slay +3), large, unfitting armour, claws 3, regeneration 1, shaggy fur
1, tough skin 1, inability to train armour, fire resistance 1, frail 1
a: Begin Untransformation, Renounce Religion


You were on level 6 of the Dungeon.
You worshipped Ru.
Ru was aware of your devotion.
You were a hulking beast.
You visited 1 branch of the dungeon, and saw 6 of its levels.

You collected 215 gold pieces.

Inventory:

Armour
 a - a +1 animal skin (worn)
Jewellery
 g - a ring of positive energy (right claw)
 n - a ring of poison resistance (left claw)
Talismans
 c - a beast talisman (active)
 d - a flux talisman
Wands
 r - a wand of flame (13)
 v - a wand of paralysis (10)
Scrolls
 i - a scroll of teleportation
 j - a scroll of amnesia
 l - 2 scrolls of vulnerability
 s - a scroll of identify
Potions
 b - a potion of lignification
 e - a potion of cancellation
 f - 2 potions of heal wounds {unknown}
 h - 2 potions of mutation
 k - 2 potions of curing {unknown}
 m - a potion of brilliance {unknown}
 o - a potion of might {unknown}
 p - a potion of berserk rage {unknown}
 q - 2 potions of enlightenment {unknown}
 t - a potion of experience {unknown}
 u - a potion of degeneration {unknown}


   Skills:
 - Level 0.7 Fighting
 - Level 1.5 Dodging
 + Level 5.3 Unarmed Combat
 * Level 6.4 Shapeshifting


You had 6 spell levels left.
You didn't know any spells.
Your spell library was empty.

Dungeon Overview and Level Annotations

Branches:
Dungeon (6/15)             Temple (0/1) D:4

Altars:
Hepliaklqana
Ru
Xom
The Shining One

Shops:
D:2 :   D:5 *:


Innate Abilities, Weirdness & Mutations

You are a hulking beast.
Your limbs bulge with bestial killing power. (Slay +3)
You are too large for most types of armour.
You have claws for hands.
Your natural rate of healing is unusually fast.
You are covered in fur. (AC +1)
You have tough skin. (AC +1)
You cannot train Armour skill.
Your flesh is heat resistant. (rF+)
You are frail. (-10% HP)


Message History

The killer bee buzzes angrily.
The killer bee closely misses you.
A killer bee comes into view.
The killer bee barely misses you.
You barely miss the killer bee.
The killer bee stings you but does no damage.
The orc priest looks satisfied for a moment.
A killer bee comes into view.
The killer bee closely misses you.
You claw the killer bee!
The killer bee is heavily wounded.
The killer bee closely misses you.
You closely miss the killer bee.
The killer bee is heavily wounded.
The killer bee stings you. x2
You closely miss the killer bee.
The killer bee is heavily wounded.
The killer bee stings you but does no damage.
The killer bee barely misses you.
You closely miss the killer bee.
The killer bee is heavily wounded.
The killer bee stings you.
A killer bee comes into view.
The killer bee stings you.
The killer bee moves out of view.
The orc priest mumbles some strange prayers to Beogh against you.
Beogh smites you!
* * * LOW HITPOINT WARNING * * *
The killer bee stings you.
* * * LOW HITPOINT WARNING * * *
The killer bee attacks as it pursues you!
The killer bee stings you.
* * * LOW HITPOINT WARNING * * *
You are poisoned.
The killer bee poisons you! The killer bee closely misses you.
It was a potion of mutation.
You feel extremely strange.
You feel resistant to heat.
You feel frail.
You feel sick. The killer bee stings you.
* * * LOW HITPOINT WARNING * * *
The killer bee stings you.
You die...

#>...+
#....# #
....##.###
.y.......
#oy......
#o# #y#
#y# #
#h###.#
#..<..#
#.†##.#
#..# #
#..# ....
.....#
#.[...#
#.....#


You could see 4 killer bees, an orc priest and an orc.

Vanquished Creatures
  2 black bears
  A bullfrog (D:4)
  A hound (D:4)
  4 iguanas
  2 orc wizards
  5 adders
  2 ufetubi (D:5)
  A worm (D:2)
  A dart slug (D:1)
  14 orcs
  A bat (D:2)
  2 endoplasms
  A giant cockroach (D:1)
  7 goblins
  7 hobgoblins
  4 jackals (D:4)
  2 quokkas
  5 ball pythons
  3 frilled lizards
  6 kobolds
  2 rats
  A spectral hobgoblin (D:1)
74 creatures vanquished.

Notes
Turn   | Place    | Note
-------+----------+-------------------------------------------
     0 | D:1      | Persephone the Troll Shapeshifter began the quest for the
                  | Orb.
     0 | D:1      | Reached XP level 1. HP: 18/18 MP: 0/0
   110 | D:1      | Reached XP level 2. HP: 26/26 MP: 1/1
   118 | D:1      | Found a faded altar of an unknown god.
   468 | D:2      | Found Lynlai's Book Shop.
   601 | D:2      | Reached XP level 3. HP: 30/32 MP: 2/2
   667 | D:2      | Reached skill level 4 in Shapeshifting
  1511 | D:3      | Found a sacrificial altar of Ru.
  1617 | D:3      | Became a worshipper of Ru the Awakened
  1673 | D:4      | Reached XP level 4. HP: 40/40 MP: 3/3
  1705 | D:4      | Found a staircase to the Ecumenical Temple.
  1742 | D:4      | Noticed a black bear
  1749 | D:4      | Killed a black bear
  1750 | D:4      | Reached skill level 5 in Shapeshifting
  1750 | D:4      | Reached XP level 5. HP: 36/46 MP: 4/4
  1985 | D:4      | Found a hazy altar of Hepliaklqana.
  2206 | D:4      | Reached XP level 6. HP: 54/54 MP: 5/5
  2491 | D:5      | Entered Level 5 of the Dungeon
  2603 | D:5      | Found a shimmering altar of Xom.
  2605 | D:5      | Found a glowing golden altar of the Shining One.
  2679 | D:5      | Found Cuerch's Assorted Antiques.
  2852 | D:5      | Gained mutation: You cannot train Armour skill. [Ru
                  | sacrifice]
  2852 | D:5      | Reached * piety under Ru
  2961 | D:5      | Found Zizabu's Book Shoppe.
  3061 | D:5      | Reached skill level 5 in Unarmed Combat
  3061 | D:5      | Reached skill level 6 in Shapeshifting
  3096 | D:5      | Reached XP level 7. HP: 57/61 MP: 6/6
  3287 | D:6      | Gained mutation: Your flesh is heat resistant. (rF+)
                  | [potion of mutation]
  3287 | D:6      | Gained mutation: You are frail. (-10% HP) [potion of
                  | mutation]
  3287 | D:6      | HP: 1/54 [killer bee (5)]
  3287 | D:6      | Slain by a killer bee

Illustrated notes

Levels and vault maps discovered:
D:1:      onia_arrival_mini_spirals, layout_rooms,
          dreamdust_ecumenical_altar_drowned_temple
D:2:      layout_basic, serial_shops, shop
D:3:      layout_basic, nicolae_ru_path_of_blood, grunt_decor_resistance
D:4:      layout_basic, worldfamousw_hep_ancestral_shrine,
          minmay_temple_entry_statues_pillars
D:5:      layout_loops_cross, mainiacjoe_overflow_catwalk_spiral, serial_shops,
          nicolae_shop_real_fake_doors, nicolae_square_shop
D:6:      layout_basic, nicolae_overflow_crystal_walls,
          mainiacjoe_overflow_brackets

Skill      XL: |  1  2  3  4  5  6 |
---------------+-------------------+-----
Shapeshifting  | 4 5 6 |  6.4
Unarmed Combat | 4 5 |  5.3
Fighting       | |  0.7
Dodging        | |  1.5

Action                     |  1- 3 |  4- 6 |  7- 9 || total
---------------------------+-------+-------+-------++-------
  Melee: Unarmed           |    85 |    83 |    26 ||   194
         Punch             |     2 |     1 |       ||     3
 Invoke: Sacrifice Durabil |       |     1 |       ||     1
    Use: Scroll            |     7 |     5 |       ||    12
         Potion            |       |       |     1 ||     1
 Armour: Animal skin       |    45 |    84 |    20 ||   149
  Dodge: Dodged            |    44 |    55 |    14 ||   113

Table legend: (Time is in decaauts)
 A = Elapsed time spent in this place.
 B = Non-inter-level travel time spent in this place.
 C = Inter-level travel time spent in this place.
 D = Time resting spent in this place.
 E = Time spent auto-exploring this place.
 F = Levels seen in this place.
 G = Mean time per level.
                   A        B        C        D        E       F      G
               +--------+--------+--------+--------+--------+-----+--------+
         Total |   3270 |   3146 |    124 |      0 |   2601 |   6 |  545.0 |
       Dungeon |   3270 |   3146 |    124 |      0 |   2601 |   6 |  545.0 |
               +--------+--------+--------+--------+--------+-----+--------+

Top non-repeatable levels by time:
     D:4: 829 daAuts
     D:5: 754 daAuts
     D:2: 736 daAuts
     D:3: 544 daAuts
     D:1: 370 daAuts
     D:6: 34 daAuts
